 Dungeon Crawl Stone Soup version 0.21-a0-1-gaf3b9a5 (webtiles) character file.

1371 nikopol the Skirmisher (level 8, 0/76 HPs)
             Began as a Gargoyle Berserker on May 20, 2017.
             Was an Elder of Trog.
             Slain by an orc
             ... wielding a +0 short sword
              (2 damage)
             ... on level 6 of the Dungeon.
             The game lasted 00:11:36 (4221 turns).

nikopol the Skirmisher (Gargoyle Berserker)         Turns: 4221, Time: 00:11:36

Health: 0/76       AC:  4    Str: 27    XL:     8   Next: 65%
Magic:  8/8        EV: 10    Int:  7    God:    Trog [****..]
Gold:   266        SH:  0    Dex: 11    Spells: 7/7 levels left

rFire    . . .     SeeInvis .   a - +0 hand axe
rCold    . . .     Gourm    .   (no shield)
rNeg     + . .     Faith    .   F - +0 shadow dragon scales
rPois    ∞         Spirit   .   (no helmet)
rElec    +         Reflect  .   J - +1 cloak
rCorr    .         Harm     .   (no gloves)
MR       .....     Rnd*Tele +   (no boots)
Stlth    ..........             (no amulet)
Regen    0.3/turn               k - ring of teleportation (curse)
MPRegen  0.2/turn               t - ring of loudness (curse)

@: berserking (expiring), corroded, very quick
A: negative energy resistance 1, electricity resistance, unbreathing,
petrification resistance, rot immunity, AC +5
a: Berserk, Trog's Hand, Brothers in Arms, Burn Spellbooks, Renounce Religion


You were on level 6 of the Dungeon.
You worshipped Trog.
Trog was greatly pleased with you.
You were hungry.

You visited 1 branch of the dungeon, and saw 6 of its levels.

You collected 266 gold pieces.

Inventory:

Hand Weapons
 a - a +0 hand axe (weapon)
Missiles
 p - 116 arrows (quivered)
Armour
 b - a +0 animal skin
 e - a +0 chain mail
 o - a +1 ring mail of positive energy
 F - +0 shadow dragon scales (worn)
 J - a +1 cloak (worn)
Jewellery
 k - a cursed ring of teleportation (left hand)
 n - an uncursed ring of protection from magic
 s - an uncursed ring of poison resistance
 t - a cursed ring of loudness (right hand)
 u - an uncursed ring of positive energy {unknown}
 E - a cursed -2 ring of strength {unknown}
 H - an uncursed ring of see invisible {unknown}
Wands
 D - a wand of clouds (7/9)
Scrolls
 d - a scroll of identify {unknown}
 f - 6 scrolls of remove curse {unknown}
 h - 4 scrolls of teleportation {unknown}
 j - a scroll of enchant armour {unknown}
 l - 2 scrolls of fear {unknown}
 q - a scroll of noise {unknown}
 r - a scroll of magic mapping {unknown}
 w - a scroll of immolation {unknown}
 x - 2 scrolls of enchant weapon {unknown}
 y - a scroll of amnesia {unknown}
 B - a scroll of blinking {unknown}
Potions
 m - a potion of curing {unknown}
 v - 2 potions of flight {unknown}
 z - 2 potions of haste {unknown}
 C - a potion of degeneration {unknown}
 G - 2 potions of lignification {unknown}
Comestibles
 c - 3 bread rations
 g - 5 fruits
 i - 2 meat rations
 A - 3 royal jellies


   Skills:
 + Level 6.2 Fighting
 + Level 5.4 Axes
 + Level 6.2 Armour
 + Level 4.5 Dodging


You had 7 spell levels left.
You didn't know any spells.

Dungeon Overview and Level Annotations

Branches:
Dungeon (6/15)             Temple (0/1) D:5

Altars:
Trog
Vehumet

Shops:
D:4 *


Innate Abilities, Weirdness & Mutations

You are resistant to torment.
Your stone body is resilient. (AC +5)
You are immune to poison.
You resist negative energy. (rN+)
You are resistant to electric shocks. (rElec)
You can survive without breathing.
You are immune to petrification.
You are immune to rotting.


Message History

You hit the orc but do no damage. x2; The orc hits you but does no damage. x2
The jelly barely misses you.
Your shadow dragon scales prevents you from hitting the jelly.
The jelly is severely wounded.
You completely miss the orc. You hit the orc but do no damage.
You hit the jelly. The acid corrodes you!
Your hands burn!
* * * LOW HITPOINT WARNING * * *
The jelly is severely wounded.
You closely miss the orc. x2
The orc hits you with a dagger of venom.
* * * LOW HITPOINT WARNING * * *
The jelly hits you but does no damage. The orc barely misses you.
You hit the jelly but do no damage.
Your hands burn!
* * * LOW HITPOINT WARNING * * *
The jelly is severely wounded.
You barely miss the orc. You hit the orc.
You kill the orc!
Trog accepts your kill. The orc hits you with a short sword.
You die...

.............#
.............#
.............#
#.<.........#
##...........#
#....[.......#
#.....J))....#
......o@.....#
##....##.....#
#... ##.....#
#.. #.....>#
#. #......# +
#......#
#......#
#......#
#...?..#


You could see a jelly and an orc.

Vanquished Creatures
  Grinder (D:3)
  3 ice beasts
  A sky beast (D:5)
  An orc warrior (D:4)
  2 ogres
  A scorpion (D:5)
  2 hounds (D:4)
  Crazy Yiuf (D:5)
  An iguana (D:4)
  Terence (D:3)
  8 orc wizards
  4 adders
  A shadow imp (D:6)
  A dart slug (D:2)
  2 leopard geckos
  20 orcs
  9 bats
  2 giant cockroaches
  7 hobgoblins
  2 jackals (D:4)
  6 kobolds
  A ball python (D:1)
  9 frilled lizards
  4 goblins
  A leopard gecko skeleton (D:4)
  7 rats
98 creatures vanquished.

Notes
Turn   | Place    | Note
-------+----------+-------------------------------------------
     0 | D:1      | nikopol the Gargoyle Berserker began the quest for the Orb.
     0 | D:1      | Reached XP level 1. HP: 14/14 MP: 1/1
   106 | D:1      | Reached XP level 2. HP: 19/19 MP: 2/2
   438 | D:2      | Reached XP level 3. HP: 16/23 MP: 3/3
   477 | D:2      | Reached ** piety under Trog
  1006 | D:3      | Reached XP level 4. HP: 21/28 MP: 4/4
  1065 | D:3      | Noticed Grinder
  1070 | D:3      | Paralysed by Grinder for 2 turns
  1076 | D:3      | Killed Grinder
  1076 | D:3      | Reached XP level 5. HP: 33/34 MP: 5/5
  1076 | D:3      | Reached XP level 6. HP: 37/39 MP: 6/6
  1265 | D:3      | Noticed Terence
  1283 | D:3      | Killed Terence
  1344 | D:3      | Noticed an ice beast
  1365 | D:3      | Killed an ice beast
  1580 | D:3      | Found a radiant altar of Vehumet.
  1684 | D:3      | Found a bloodstained altar of Trog.
  1714 | D:4      | Found Nuixtuff's Assorted Antiques.
  1800 | D:4      | Reached XP level 7. HP: 44/44 MP: 7/7
  1875 | D:4      | Reached *** piety under Trog
  1893 | D:4      | Reached skill level 5 in Fighting
  2110 | D:4      | Reached skill level 5 in Armour
  2848 | D:5      | Entered Level 5 of the Dungeon
  2962 | D:5      | Reached XP level 8. HP: 50/50 MP: 8/8
  3141 | D:5      | Reached skill level 5 in Axes
  3462 | D:5      | Found a staircase to the Ecumenical Temple.
  3651 | D:5      | Found a runed door.
  3940 | D:5      | Noticed Crazy Yiuf
  3944 | D:5      | Paralysed by Crazy Yiuf for 7 turns
  3953 | D:5      | Killed Crazy Yiuf
  4217 | D:6      | Reached **** piety under Trog
  4221 | D:6      | HP: 1/76 [acid (4)]
  4221 | D:6      | Slain by an orc

Vault maps used:
D:1:      dpeg_arrival_tiny_b
D:2:      grunt_ministairs_2, kennysheep_generic_room_8
D:3:      lemuel_coloured_pillars_altar, lightli_temple_of_fire, first_bread,
          uniq_terence, uniq_grinder
D:4:      serial_shops, shop
D:5:      temple_green, hangedman_decor_slide_cut, minmay_crystal_room,
          uniq_crazy_yiuf_cottage
D:6:      nicolae_overflow_quartered_altars, serial_shops, shop, uniq_eustachio

Skill      XL: |  1  2  3  4  5  6  7  8 |
---------------+-------------------------+-----
Axes           | 3 4 5 |  5.4
Dodging        | 2 3 4 |  4.5
Armour         | 3 4 5 6 |  6.2
Fighting       | 4 5 6 |  6.2

Action                   |  1- 3 |  4- 6 |  7- 9 || total
-------------------------+-------+-------+-------++-------
Melee: Hand axe          |   153 |   100 |   232 ||   485
Invok: Burn Spellbooks   |     1 |     1 |     1 ||     3
       Berserk           |       |     2 |     5 ||     7
  Eat: Chunk             |     1 |     4 |    12 ||    17
Armor: Chain mail        |   108 |    64 |       ||   172
       Animal skin       |     3 |       |       ||     3
       Shadow dragon sca |       |     2 |   215 ||   217
Dodge: Dodged            |    69 |    42 |   122 ||   233
